 Dungeon Crawl Stone Soup version 0.28.0-62-gf88900778d (webtiles) character file.

Game seed: 11907377722502584078

81 cbfl8 the Sneak (level 4, 0/27 HPs)
             Began as a Kobold Brigand on July 2, 2023.
             Slain by an adder (1 damage)
             ... on level 2 of the Dungeon.
             The game lasted 00:02:54 (2975 turns).

cbfl8 the Sneak (Kobold Brigand)                    Turns: 2975, Time: 00:02:55

Health: 0/27       AC:  4    Str:  8    XL:     4   Next: 67%
Magic:  4/4        EV: 14    Int: 12    God:
Gold:   79         SH:  0    Dex: 24    Spells: 3/3 levels left

rFire   . . .      SeeInvis .   a - +2 dagger
rCold   . . .      Faith    .   (no shield)
rNeg    . . .      Spirit   .   b - +0 robe
rPois   .          Reflect  .   (no helmet)
rElec   .          Harm     .   c - +0 cloak
rCorr   .          Rampage  .   i - +0 pair of gloves
Will    .....                   (no boots)
Stlth   +++++.....              (no amulet)
HPRegen 0.09/turn               g - +6 ring of dexterity
MPRegen 0.09/turn               (no ring)

@: no status effects
A: small, no large weapons, nightstalker 3
a: no special abilities


You were on level 2 of the Dungeon.
You visited 1 branch of the dungeon, and saw 5 of its levels.

You collected 112 gold pieces.
You spent 33 gold pieces at shops.

Inventory:

Hand Weapons
 a - a +2 dagger (weapon)
Missiles
 d - 13 poisoned darts (quivered)
 e - 2 curare-tipped darts
Armour
 b - a +0 robe (worn)
 c - a +0 cloak (worn)
 i - a +0 pair of gloves (worn)
Jewellery
 g - a +6 ring of dexterity (left hand)
Scrolls
 f - 4 scrolls of identify {unknown}
 h - a scroll of fog {unknown}
 j - a scroll of teleportation
 k - a scroll of brand weapon {unknown}
 l - a scroll of noise {unknown}
Potions
 m - a potion of haste


   Skills:
 + Level 2.3 Fighting
 + Level 3.4 Short Blades
 - Level 2.1 Throwing
 + Level 1.3 Dodging
 * Level 7.0 Stealth
 * Level 1.7 Evocations


You had 3 spell levels left.
You didn't know any spells.
Your spell library contained the following spells:

 Spells                   Type           Power      Damage    Failure   Level
 Slow                     Hex            0%         N/A       32%         1
 Summon Small Mammal      Summ           0%         N/A       32%         1
 Call Canine Familiar     Summ           0%         N/A       69%         3
 Confusing Touch          Hex            0%         N/A       69%         3
 Summon Guardian Golem    Hex/Summ       0%         N/A       69%         3
 Vampiric Draining        Necr           0%         2d6       69%         3


Dungeon Overview and Level Annotations

Branches:
Dungeon (5/15)
 Temple: D:4-7

Altars:

Shops:
D:2 !(?


Innate Abilities, Weirdness & Mutations

You are small and have problems with some larger weapons.
You are completely attuned to the shadows.


Message History

You barely miss the adder. Your punch misses the adder.
The adder is lightly wounded.
You feel sick. The adder closely misses you.
Unknown command.
You hit the adder.
The adder is moderately wounded.
You feel sick.
You are no longer poisoned.
The adder bites you but does no damage.
Unknown command.
You hit the adder.
The adder is moderately wounded.
The adder barely misses you.
Unknown command.
You hit the adder. Your punch misses the adder.
The adder is heavily wounded.
The adder barely misses you. The adder misses you.
You closely miss the adder.
The adder is heavily wounded.
The adder bites you.
* * * LOW HITPOINT WARNING * * *
Unknown command.
You hit the adder but do no damage.
The adder is heavily wounded.
The adder closely misses you.
You hit the adder but do no damage.
The adder is heavily wounded.
The adder completely misses you.
Unknown command.
You miss the adder. Your punch misses the adder.
The adder is heavily wounded.
The adder barely misses you.
You miss the adder.
The adder is heavily wounded.
The adder bites you.
* * * LOW HITPOINT WARNING * * *
You hit the adder.
The adder is severely wounded.
The adder bites you.
You die...

##...##.###..##.###
# ##....)#.#
#..##...###
#........#
#..####...#
#........# #...#
###.# #.......##
#...# #.. ##....[##
##..# ##. #.......#
##.# #.
####.....>.# #.# #.
###.......@..# #.#
## ###...#.....S.##
#.# #
##...###......##
### # #..###
#.##8..## # #.##
#.##<...# # #.##
#.8.∩.8.# #..#
####.#### ##.# #8#
#.# #.#


You could see an adder.

Vanquished Creatures
  A hound (D:2)
  An adder (D:3)
  2 dart slugs
  An orc (D:3)
  3 ball pythons
  4 endoplasms (D:1)
  A giant cockroach (D:1)
  3 goblins
  A hobgoblin (D:1)
  6 kobolds
  A quokka (D:2)
  3 bats
  3 frilled lizards
  5 rats
35 creatures vanquished.

Notes
Turn   | Place    | Note
-------+----------+-------------------------------------------
     0 | D:1      | cbfl8 the Kobold Brigand began the quest for the Orb.
     0 | D:1      | Reached XP level 1. HP: 12/12 MP: 1/1
   586 | D:1      | Reached XP level 2. HP: 17/17 MP: 2/2
   651 | D:1      | Reached skill level 1 in Evocations
   680 | D:2      | Reached XP level 3. HP: 7/21 MP: 3/3
   747 | D:2      | Reached skill level 6 in Stealth
  1165 | D:2      | Reached XP level 4. HP: 27/27 MP: 4/4
  1217 | D:2      | Found Idygaer's Antique Weapon Boutique.
  1308 | D:2      | Found Pimyeduf's Distillery.
  1482 | D:2      | Found Aqaemuj's Magic Scroll Boutique.
  1489 | D:2      | Bought a scroll of teleportation for 33 gold pieces
  1909 | D:1      | Found a faded altar of an unknown god.
  2238 | D:3      | Reached skill level 7 in Stealth
  2302 | D:3      | You fall into a shaft and drop 2 floors!
  2302 | D:5      | Entered Level 5 of the Dungeon
  2974 | D:2      | HP: 1/27 [adder (3)]
  2975 | D:2      | Slain by an adder

Illustrated notes

Levels and vault maps discovered:
D:1:      saegor_arrival_simple_b, layout_rooms, shapermc_ecumenical_altar_venn
D:2:      layout_rooms, serial_shops, nicolae_shop_statue_plus,
          nicolae_shop_trees, shop_fountains, minmay_misc_feat_more_columns
D:3:      layout_basic, grunt_qazlal_sundering, mainiacjoe_overflow_boulevard
D:4:      kennysheep_big_flooded_room, layout_basic,
          beargit_hepliaklqana_dungeon_heroes, nicolae_overflow_squiral,
          minivault_25, serial_park_tiny_2, lexackson_kobold_supper
D:5:      layout_basic, minmay_fountain_box

Skill      XL: |  1  2  3  4 |
---------------+-------------+-----
Short Blades   | 3 |  3.4
Evocations     | 1 |  1.7
Stealth        | 6 7 |  7.0
Fighting       | |  2.3
Throwing       | |  2.1
Dodging        | |  1.3

Action                   |  1- 3 |  4- 6 || total
-------------------------+-------+-------++-------
Melee: Dagger            |    41 |    54 ||    95
Throw: Dart              |       |     1 ||     1
  Use: Potion            |     1 |     1 ||     2
 Stab: Sleeping          |    11 |    11 ||    22
Armor: Robe              |     9 |    10 ||    19
Dodge: Dodged            |    28 |    35 ||    63
